 Dungeon Sprint DCSS version 0.21.0-3-g78d12a8bdd (webtiles) character file.

2733 Quolop the Brawler (level 9, -10/98 HPs)
             Began as a Troll Monk on Jan 12, 2018.
             Was a High Priest of Wu Jian.
             Mangled by a crocodile (16 damage)
             ... in the Dungeon (Sprint IX: "|||||||||||||||||||||||||||||").
             The game lasted 00:03:01 (600 turns).

Quolop the Brawler (Troll Monk)                      Turns: 600, Time: 00:03:02

Health: -10/98     AC:  8    Str: 24    XL:     9   Next: 40%
Magic:  8/8        EV: 15    Int:  6    God:    Wu Jian [*****.]
Gold:   24         SH:  0    Dex: 15    Spells: 8/8 levels left

rFire    . . .     SeeInvis .     - Unarmed
rCold    . . .     Gourm    +   (no shield)
rNeg     . . .     Faith    .   a - +0 robe
rPois    .         Spirit   .   (helmet restricted)
rElec    .         Reflect  .   m - +0 cloak
rCorr    .         Harm     .   (gloves unavailable)
MR       .....     NoTele   +   (boots unavailable)
Stlth    ++........             (no amulet)
HPRegen  0.66/turn              o - +2 ring of protection
MPRegen  0.11/turn              p - +3 ring of dexterity

@: serpent's lash
A: large, unfitting armour, claws 3, fast metabolism 3, gourmand, regeneration
1, shaggy fur 1, tough skin 2
a: Wall Jump, Serpent's Lash, Heavenly Storm, Renounce Religion


You were in the Dungeon.
You worshipped Wu Jian.
Wu Jian was extremely pleased with you.
You were very full.

You visited 1 branch You collected 24 gold pieces.

Inventory:

Armour
 a - a +0 robe (worn)
 m - a +0 cloak (worn)
 n - a +0 pair of gloves
Jewellery
 o - a +2 ring of protection (left claw)
 p - a +3 ring of dexterity (right claw)
Wands
 l - a wand of iceblast (6)
Scrolls
 h - a scroll of blinking
 j - 4 scrolls of remove curse
 k - 2 scrolls of amnesia
 s - a scroll of fear
 t - 4 scrolls of enchant weapon
 u - a scroll of identify
Potions
 c - 5 potions of curing
 e - 2 potions of haste
 f - 4 potions of magic
 g - 2 potions of berserk rage
 i - a potion of invisibility
 q - a potion of resistance
 r - 2 potions of heal wounds
Comestibles
 b - 2 rations


   Skills:
 * Level 9.1 Fighting
 + Level 9.1 Dodging
 + Level 3.1 Stealth
 * Level 15.2 Unarmed Combat
 + Level 0.4 Evocations


You had 8 spell levels left.
You didn't know any spells.

Dungeon Overview and Level Annotations

Branches:
Dungeon (1/1)

Altars:
Cheibriados
Dithmenos
Elyvilon
Fedhas
Gozag
Hepliaklqana
Kikubaaqudgha
Makhleb
Nemelex Xobeh
Okawaru
Qazlal
Ru
Sif Muna
Trog
Uskayaw
Vehumet
Wu Jian
Xom
Yredelemnul
Zin
The Shining One
Beogh
Jiyva
Lugonu


Innate Abilities, Weirdness & Mutations

You are too large for most types of armour.
You have claws for hands.
Your metabolism is lightning-fast.
You like to eat raw meat.
Your natural rate of healing is unusually fast.
You are covered in fur. (AC +1)
You have very tough skin. (AC +2)


Message History

The 11-headed hydra bites you!
* * * LOW HITPOINT WARNING * * *
The 11-headed hydra bites you!
* * * LOW HITPOINT WARNING * * *
The 11-headed hydra bites you.
* * * LOW HITPOINT WARNING * * *
You barely miss the 11-headed hydra.
The 11-headed hydra is almost dead.
You tear one of the 11-headed hydra's heads off!
The ten-headed hydra grows two more!
You mangle the 12-headed hydra!!
You kill the 12-headed hydra!
The Council accepts your kill.
Your Fighting skill increases to level 9!
Your Dodging skill increases to level 9!
Your Stealth skill increases to level 3!
Your Unarmed Combat skill increases to level 15!
You claw the crocodile!
The crocodile is heavily wounded.
The crocodile bites you!
You die...

▓.▓.▓
▓.▓.▓
▓'▓.▓
▓.▓.▓
▓†▓.▓
▓)▓.▓
▓.▓.▓
▓.▓t▓
▓.▓@▓
▓)▓†▓
▓.▓.▓
▓.▓.▓
▓.▓.▓
▓.▓.▓
▓.▓.▓
▓.▓.▓
▓'▓.▓


You could see a crocodile.

Vanquished Creatures
  A hydra (D)
  A two-headed ogre (D)
  A manticore (D)
  A spiny frog (D)
  3 water moccasins (D)
  An ice beast (D)
  2 crocodiles (D)
  2 bullfrogs (D)
  A crimson imp (D)
  3 adders (D)
  An adder zombie (D)
  An adder skeleton (D)
  4 orcs (D)
  2 goblins (D)
  2 kobolds (D)
  2 quokkas (D)
  A frilled lizard (D)
  A quokka zombie (D)
30 creatures vanquished.

Notes
Turn   | Place    | Note
-------+----------+-------------------------------------------
     0 | D        | Quolop the Troll Monk began the quest for the Orb.
     0 | D        | Reached XP level 1. HP: 22/22 MP: 0/0
    15 | D        | Noticed a crimson imp
    23 | D        | Reached skill level 4 in Unarmed Combat
    23 | D        | Reached XP level 2. HP: 31/31 MP: 1/1
    32 | D        | Reached XP level 3. HP: 37/37 MP: 2/2
    33 | D        | Reached skill level 5 in Unarmed Combat
    61 | D        | Found a roughly hewn altar of Beogh.
    61 | D        | Found a snail-covered altar of Cheibriados.
    61 | D        | Found a shadowy altar of Dithmenos.
    61 | D        | Found a white marble altar of Elyvilon.
    61 | D        | Found a blossoming altar of Fedhas.
    61 | D        | Found an opulent altar of Gozag.
    62 | D        | Found a hazy altar of Hepliaklqana.
    63 | D        | Found a viscous altar of Jiyva.
    64 | D        | Found an ancient bone altar of Kikubaaqudgha.
    65 | D        | Found a corrupted altar of Lugonu.
    66 | D        | Found a burning altar of Makhleb.
    67 | D        | Found a sparkling altar of Nemelex Xobeh.
    68 | D        | Found an iron altar of Okawaru.
    69 | D        | Found a stormy altar of Qazlal.
    70 | D        | Found a sacrificial altar of Ru.
    71 | D        | Found a deep blue altar of Sif Muna.
    72 | D        | Found a bloodstained altar of Trog.
    73 | D        | Found a hide-covered altar of Uskayaw.
    74 | D        | Found a radiant altar of Vehumet.
    75 | D        | Found an ornate altar of the Wu Jian Council.
    76 | D        | Found a shimmering altar of Xom.
    77 | D        | Found a basalt altar of Yredelemnul.
    78 | D        | Found a glowing silver altar of Zin.
    79 | D        | Found a glowing golden altar of the Shining One.
    83 | D        | Became a worshipper of the Wu Jian Council
    83 | D        | Reached * piety under Wu Jian
    83 | D        | Reached ** piety under Wu Jian
   115 | D        | Noticed a crocodile
   117 | D        | Killed a crocodile
   117 | D        | Reached skill level 5 in Dodging
   117 | D        | Reached skill level 6 in Unarmed Combat
   117 | D        | Reached XP level 4. HP: 38/49 MP: 3/3
   117 | D        | Reached XP level 5. HP: 42/55 MP: 4/4
   123 | D        | Reached skill level 5 in Fighting
   123 | D        | Reached skill level 7 in Unarmed Combat
   125 | D        | Reached *** piety under Wu Jian
   144 | D        | Noticed an ice beast
   144 | D        | Noticed a manticore
   144 | D        | Noticed a two-headed ogre
   148 | D        | Killed an ice beast
   148 | D        | Reached skill level 8 in Unarmed Combat
   150 | D        | Reached **** piety under Wu Jian
   159 | D        | Killed a manticore
   159 | D        | Reached skill level 10 in Unarmed Combat
   159 | D        | Reached XP level 6. HP: 10/68 MP: 5/5
   159 | D        | Reached XP level 7. HP: 12/76 MP: 6/6
   164 | D        | Killed a two-headed ogre
   164 | D        | Reached skill level 12 in Unarmed Combat
   164 | D        | Reached XP level 8. HP: 17/88 MP: 7/7
   390 | D        | Noticed a spiny frog
   392 | D        | Noticed an eight-headed hydra
   400 | D        | Reached ***** piety under Wu Jian
   400 | D        | Reached skill level 13 in Unarmed Combat
   402 | D        | Killed a spiny frog
   586 | D        | Reached skill level 14 in Unarmed Combat
   586 | D        | Reached XP level 9. HP: 85/97 MP: 8/8
   599 | D        | Killed a 12-headed hydra
   599 | D        | Reached skill level 15 in Unarmed Combat
   600 | D        | Mangled by a crocodile

Skill      XL: |  1  2  3  4  5  6  7  8  9 |
---------------+----------------------------+-----
Dodging        | 3 5 7 8 9 |  9.1
Fighting       | 3 4 6 7 8 9 |  9.1
Unarmed Combat | 4 6 10 12 14 15 | 15.2
Stealth        | 2 3 |  3.1
Evocations     | |  0.4

Action                   |  1- 3 |  4- 6 |  7- 9 || total
-------------------------+-------+-------+-------++-------
Melee: Unarmed           |    24 |    27 |    33 ||    84
       Punch             |     1 |     1 |     2 ||     4
Invok: Lunge             |     1 |     2 |     2 ||     5
       Serpent's Lash    |       |       |     1 ||     1
Evoke: Wand              |       |       |     4 ||     4
  Use: Potion            |       |     2 |     1 ||     3
       Scroll            |       |       |     1 ||     1
 Stab: Sleeping          |     1 |       |       ||     1
  Eat: Chunk             |     6 |       |     3 ||     9
Armor: Robe              |     4 |     7 |    10 ||    21
Dodge: Dodged            |    19 |    14 |    21 ||    54
